 Dungeon Crawl Stone Soup version 0.20-a0-2-g2b0e13a (webtiles) character file.

34050 patrickswayze the Black Belt (level 13, -12/103 HPs)
             Began as a Demonspawn Monk on Oct 27, 2016.
             Was a High Priest of Qazlal.
             Mangled by a komodo dragon (21 damage)
             ... on level 6 of the Lair of Beasts on Oct 28, 2016.
             The game lasted 00:42:54 (18106 turns).

patrickswayze the Black Belt (Demonspawn Monk)     Turns: 18106, Time: 00:42:55

Health: -12/103    AC: 12    Str: 15    XL:     13   Next: 40%
Magic:  20/20      EV: 17    Int:  9    God:    Qazlal [*****.]
Gold:   654        SH:  0    Dex: 17    Spells: 3 memorised, 7 levels left

rFire  + . .     SeeInvis .       - Unarmed
rCold  + . .     Gourm    .     W - +1 leather armour "Emich" {+Blink rC+ Int-4 Slay+4}
rNeg   . . .     Faith    +     (no shield)
rPois  .         Spirit   .     (helmet restricted)
rElec  +         Reflect  .     Z - +1 cloak
rCorr  .         Harm     .     t - +0 pair of gloves
MR     .....                    (no boots)
Stlth  ..........               J - amulet of faith {!P}
                                Q - +3 ring of slaying {mikee}
                                j - ring "Sotwionah" {rF+ Str+3 Int-2 Slay+2 Stlth-}

@: confused, repel missiles
A: horns 1, thin metallic scales 3, demonic guardian 2, rot immunity
a: Upheaval, Elemental Force, Disaster Area, Renounce Religion, Evoke Blink


You were on level 6 of the Lair of Beasts.
You worshipped Qazlal.
Qazlal was extremely pleased with you.
You were not hungry.

You visited 3 branches of the dungeon, and saw 17 of its levels.

You collected 1359 gold pieces.
You spent 705 gold pieces at shops.


Innate Abilities, Weirdness & Mutations

You have a pair of small horns on your head.
You are completely covered in thin metallic scales. (AC +4, rElec)
A demonic guardian rushes to your aid.
You are immune to rotting.


   Skills:
 - Level 10.0 Fighting
 - Level 5.7 Armour
 + Level 8.4 Dodging
 - Level 1.7 Stealth
 - Level 15.0 Unarmed Combat
 - Level 10.0 Invocations


You had 7 spell levels left.
You knew the following spells:

 Your Spells              Type           Power        Failure   Level  Hunger
s - Swiftness             Chrm/Air       #.......     75%         2    ###....
v - Blink                 Tloc           N/A          75%         2    ###....
Z - Animate Skeleton      Necr           N/A          50%         1    ##.....

Inventory:

Missiles
 h - 431 stones (quivered)
 O - 3 curare-tipped needles
Armour
 t - a +0 pair of gloves (worn)
 W - the +1 leather armour "Emich" (worn) {+Blink rC+ Int-4 Slay+4}
   (You found it on level 1 of the Lair of Beasts)

   It affects your intelligence (-4).
   It affects your accuracy and damage with ranged weapons and melee attacks
   (+4).
   It protects you from cold.
   It lets you blink.
 Z - a +1 cloak (worn)
Rods
 b - a +3 lightning rod (12/12)
   (You found it on level 5 of the Dungeon)
Jewellery
 j - the ring "Sotwionah" (left hand) {rF+ Str+3 Int-2 Slay+2 Stlth-}
   (You found it on level 1 of the Lair of Beasts)

   [ring of loudness]

   It affects your strength (+3).
   It affects your intelligence (-2).
   It affects your accuracy and damage with ranged weapons and melee attacks
   (+2).
   It protects you from fire.
   It makes you less stealthy.
 q - an uncursed ring of see invisible
 J - an amulet of faith (around neck) {!P}
 Q - a +3 ring of slaying (right hand) {mikee}
Wands
 a - a wand of flame (19/48)
 e - a wand of iceblast (1/15)
 v - a wand of lightning (0/15)
 y - a wand of flame (28/48)
 z - a wand of iceblast (0/15)
 A - a wand of hasting (5/9)
 E - a wand of paralysis (14/24)
 X - a wand of iceblast (0/15)
Scrolls
 d - 3 scrolls of amnesia
 g - 4 scrolls of teleportation
 l - 10 scrolls of remove curse
 m - a scroll of enchant weapon
 n - a scroll of enchant armour
 r - 5 scrolls of magic mapping
 s - 2 scrolls of immolation
 w - a scroll of fear
 K - 2 scrolls of fog
Potions
 k - 4 potions of curing
 o - 2 potions of berserk rage {unknown}
 p - 2 potions of flight {unknown}
 u - a potion of invisibility {unknown}
 x - 2 potions of magic {unknown}
 D - 2 potions of brilliance {unknown}
 F - a potion of resistance {unknown}
 I - a potion of mutation {unknown}
 L - a potion of cancellation {unknown}
 N - 2 potions of ambrosia
 T - a potion of haste {unknown}
 V - a potion of might {unknown}
Books
 H - a book of Necromancy

   Spells                             Type                      Level
   a - Pain                           Necromancy                   1
   b - Animate Skeleton               Necromancy                   1
   c - Vampiric Draining              Necromancy                   3
   d - Regeneration                   Charms/Necromancy            3
   e - Animate Dead                   Necromancy                   4
   f - Control Undead                 Necromancy                   4
 M - a book of Minor Magic

   Spells                             Type                      Level
   a - Magic Dart                     Conjuration                  1
   b - Blink                          Translocation                2
   c - Call Imp                       Summoning                    2
   d - Repel Missiles                 Charms/Air                   2
   e - Slow                           Hexes                        2
   f - Conjure Flame                  Conjuration/Fire             3
   g - Mephitic Cloud                 Conjuration/Poison/Air       3
 Y - a book of Air

   Spells                             Type                      Level
   a - Shock                          Conjuration/Air              1
   b - Swiftness                      Charms/Air                   2
   c - Repel Missiles                 Charms/Air                   2
   d - Static Discharge               Conjuration/Air              3
   e - Lightning Bolt                 Conjuration/Air              5
Comestibles
 c - 10 meat rations
 f - 7 beef jerkies
 B - 14 bread rations
 R - 5 slices of pizza
 U - 23 fruits


Message History

The komodo dragon is heavily wounded.
You hit the komodo dragon.
The komodo dragon is heavily wounded.
The komodo dragon bites you!!
You are too injured to fight recklessly!
You are too injured to fight recklessly!
You barely miss the komodo dragon. Your headbutt misses the komodo dragon.
The komodo dragon is heavily wounded.
The komodo dragon bites you.
You are confused.
You feel invigorated. The komodo dragon bites you!!
* * * LOW HITPOINT WARNING * * *
Unknown command.
The dream sheep ruffles its wool and motes of dream dust sparkle, to no effect.
The komodo dragon bites you!!
* * * LOW HITPOINT WARNING * * *
Your orange demon stings the dream sheep!
Your orange demon misses the dream sheep.
The komodo dragon bites you!!
You die... 7

77..77 77l.77
... 7..7%.7 ...
7..77..77 ....
7.7 77.%77
..... 7..
77..777 7.....
7..
777..7777......
7. 777.l7Y4...#


77 777@7 777 You could see a komodo dragon, a dream sheep and a friendly orange
demon.

Vanquished Creatures
  A dire elephant (Lair:6)
  A hell beast (Lair:6)
  3 hydras
  A catoblepas (Lair:6)
  Nergalle (Lair:4)
  A wizard (Lair:6)
  2 elephants
  An orange demon (Lair:6)
  A torpor snail (Lair:6)
  2 black mambas
  7 spiny frogs
  2 rime drakes (Lair:5)
  A hellwing (Lair:6)
  7 komodo dragons
  3 red devils (Lair:6)
  2 ice devils (Lair:6)
  A polar bear (Lair:4)
  A tyrant leech (Lair:4)
  Grinder (D:3)
  5 hippogriffs
  9 blink frogs
  A redback (Lair:2)
  2 wyverns
  25 yaks
  A basilisk (Lair:3)
  A hungry ghost (D:7)
  Grum (D:8)
  Menkaure (D:5)
  Edmund (D:5)
  A hell hound (Lair:6)
  4 porcupines
  A sky beast (D:9)
  6 water moccasins
  A black bear (D:10)
  A hornet zombie (D:10)
  2 orc warriors
  4 ice beasts
  A phantom (D:8)
  5 wolves
  6 ogres
  3 centaurs
  7 crocodiles
  Blork the orc (D:4)
  12 bullfrogs
  A wyvern zombie (D:8)
  4 scorpions
  10 killer bees
  3 electric eels (D:10)
  6 crimson imps
  A lava snake (D:9)
  A human zombie (D:3)
  3 hounds
  6 jellies
  2 orc priests
  3 iguanas
  2 bullfrog skeletons (D:5)
  5 orc wizards
  A gnoll shaman (D:4)
  8 worker ants
  2 hound zombies
  A hound skeleton (D:4)
  A howler monkey zombie (D:7)
  A worker ant zombie (D:7)
  7 gnolls
  7 adders
  6 shadow imps
  4 oozes (Lair:5)
  2 adder skeletons
  An adder zombie (D:5)
  2 worms
  A dart slug (D:1)
  8 leopard geckos
  31 orcs
  2 ball pythons (D:1)
  7 bats
  3 giant cockroaches
  7 goblins
  6 hobgoblins
  6 jackals
  6 quokkas
  4 frilled lizards
  A jackal skeleton (D:4)
  A jackal zombie (D:5)
  8 kobolds
  6 rats
  A butterfly (Lair:1)
  24 fungi
  9 plants
362 creatures vanquished.

Vanquished Creatures (collateral kills)
  A dire elephant (Lair:6)
  4 hydras
  Erolcha (D:10)
  Sonja (Lair:3)
  An ugly thing (D:10)
  2 elephants (Lair:6)
  A centaur skeleton (D:9)
  2 spiny frogs
  A torpor snail (Lair:6)
  2 komodo dragons
  2 red devils (Lair:6)
  A troll (D:8)
  A polar bear (Lair:4)
  2 tyrant leeches (Lair:4)
  2 hippogriffs
  2 blink frogs (Lair:6)
  2 dream sheep (Lair:6)
  2 redbacks (Lair:2)
  6 yaks
  4 hogs (D:9)
  2 basilisks
  A human (D:9)
  2 black bears (D:7)
  An orc warrior (D:9)
  4 wolves
  A killer bee (D:8)
  2 orc wizards
  2 gnolls (D:4)
  3 orcs
  A quokka (D:4)
  A jackal skeleton (D:3)
60 creatures vanquished.

Vanquished Creatures (others)
  A kobold (D:3)
  11 fungi
  10 plants
22 creatures vanquished.

Grand Total: 444 creatures vanquished

Notes
Turn   | Place    | Note
-------+----------+-------------------------------------------
     0 | D:1      | patrickswayze the Demonspawn Monk began the quest for the Orb.
     0 | D:1      | Reached XP level 1. HP: 18/18 MP: 1/1
    25 | D:1      | Reached skill level 3 in Unarmed Combat
   184 | D:1      | Gained mutation: A weak demonic guardian rushes to your aid. [demonic ancestry]
   184 | D:1      | Reached XP level 2. HP: 24/24 MP: 2/2
   792 | D:1      | Gained mutation: You are partially covered in thin metallic scales. (AC +2) [demonic ancestry]
   792 | D:1      | Reached XP level 3. HP: 28/29 MP: 3/3
   881 | D:2      | Reached skill level 4 in Unarmed Combat
  1161 | D:2      | Found a snail-covered altar of Cheibriados.
  1866 | D:3      | Reached XP level 4. HP: 34/35 MP: 4/4
  2171 | D:3      | Noticed Grinder
  2212 | D:3      | Killed Grinder
  2212 | D:3      | Reached skill level 6 in Unarmed Combat
  2212 | D:3      | Reached XP level 5. HP: 41/41 MP: 5/5
  2274 | D:3      | Found a runed door.
  2274 | D:3      | Noticed a human
  2288 | D:3      | Gained mutation: You are immune to rotting. [demonic ancestry]
  2288 | D:3      | Reached XP level 6. HP: 21/47 MP: 6/6
  2291 | D:3      | Found a basalt altar of Yredelemnul.
  2620 | D:4      | Noticed Blork the orc
  2635 | D:4      | Killed Blork the orc
  2979 | D:4      | Reached skill level 7 in Unarmed Combat
  3631 | D:4      | Gained mutation: You are mostly covered in thin metallic scales. (AC +3) [demonic ancestry]
  3631 | D:4      | Reached XP level 7. HP: 44/52 MP: 7/7
  3683 | D:5      | Entered Level 5 of the Dungeon
  4016 | D:5      | Noticed Edmund
  4063 | D:5      | HP: 10/52 [Edmund/flail of protection (4)]
  4064 | D:5      | Killed Edmund
  4064 | D:5      | Reached skill level 8 in Unarmed Combat
  4085 | D:5      | Noticed Menkaure
  4687 | D:5      | Killed Menkaure
  4687 | D:5      | Reached skill level 9 in Unarmed Combat
  4687 | D:5      | Gained mutation: You have a pair of small horns on your head. [demonic ancestry]
  4687 | D:5      | Reached XP level 8. HP: 46/58 MP: 8/8
  5439 | D:6      | Reached skill level 10 in Unarmed Combat
  5758 | D:6      | Upgraded the game from 0.20-a0 to 0.20-a0-2-g2b0e13a
  5853 | D:6      | Reached skill level 3 in Dodging
  6521 | D:7      | Gained mutation: A demonic guardian rushes to your aid. [demonic ancestry]
  6521 | D:7      | Reached XP level 9. HP: 63/63 MP: 9/9
  6652 | D:7      | Found Teklaopazu's Weapon Shop.
  6674 | D:7      | Found a staircase to the Ecumenical Temple.
  6811 | D:7      | Found a bloodstained altar of Trog.
  7263 | D:7      | Found a sparkling altar of Nemelex Xobeh.
  7544 | Temple   | Entered the Ecumenical Temple
  7818 | Temple   | Became a worshipper of Qazlal Stormbringer
  7818 | Temple   | Reached * piety under Qazlal
  7818 | Temple   | Reached ** piety under Qazlal
  8414 | D:8      | Found Rimmuth's Weapon Shop.
  8508 | D:8      | Reached skill level 11 in Unarmed Combat
  8538 | D:8      | Found Ysaigyg's Jewellery Shop.
  8573 | D:8      | Noticed Grum
  8594 | D:8      | Killed Grum
  9397 | D:8      | HP: 12/63 [poisoned by a killer bee]
  9405 | D:8      | HP: 12/63 [poisoned by a killer bee]
  9507 | D:8      | Noticed a troll
  9513 | D:8      | Killed a troll
  9513 | D:8      | Reached skill level 12 in Unarmed Combat
  9637 | D:8      | Reached skill level 1 in Armour
  9664 | D:8      | Found Taob's Gadget Boutique.
 10010 | D:9      | Reached XP level 10. HP: 43/70 MP: 10/10
 10100 | D:9      | Found Uckowail's Magic Scroll Shop.
 10108 | D:9      | Bought a scroll of identify for 30 gold pieces
 10143 | D:9      | Reached *** piety under Qazlal
 10143 | D:9      | Reached skill level 3 in Armour
 10166 | D:9      | Found Doetarid's General Store.
 10658 | D:10     | Entered Level 10 of the Dungeon
 10886 | D:10     | Reached **** piety under Qazlal
 10911 | D:10     | Noticed Erolcha
 10914 | D:10     | Killed Erolcha
 11091 | D:10     | Noticed a cyan ugly thing
 11098 | D:10     | HP: 13/70 [cyan ugly thing (12)]
 11263 | D:10     | Reached skill level 13 in Unarmed Combat
 11436 | D:10     | Killed a cyan ugly thing
 11499 | D:10     | Found a staircase to the Lair.
 11602 | Lair:1   | Entered Level 1 of the Lair of Beasts
 11720 | Lair:1   | Got a slimy golden ring
 11722 | Lair:1   | Identified the ring "Sotwionah" {rF+ Str+3 Int-2 Slay+2 Stlth-} (You found it on level 1 of the Lair of Beasts)
 11761 | Lair:1   | Noticed a five-headed hydra
 11778 | Lair:1   | Killed a five-headed hydra
 11778 | Lair:1   | Reached skill level 3 in Invocations
 11778 | Lair:1   | Gained mutation: You are completely covered in thin metallic scales. (AC +4, rElec) [demonic ancestry]
 11778 | Lair:1   | Reached XP level 11. HP: 75/75 MP: 10/13
 11917 | Lair:1   | Noticed a five-headed hydra
 11924 | Lair:1   | Killed a five-headed hydra
 11939 | Lair:1   | Got a blackened leather armour
 11975 | Lair:1   | Reached skill level 6 in Invocations
 12106 | Lair:1   | Learned a level 1 spell: Animate Skeleton
 12109 | Lair:1   | Learned a level 2 spell: Swiftness
 12112 | Lair:1   | Learned a level 2 spell: Blink
 12135 | Lair:1   | Reached ***** piety under Qazlal
 12224 | Lair:1   | You fall through a shaft!
 12224 | Lair:2   | Found a hole to the Spider Nest.
 12233 | Lair:2   | Reached skill level 9 in Invocations
 13226 | Lair:3   | Identified the +1 leather armour "Emich" {+Blink rC+ Int-4 Slay+4} (You found it on level 1 of the Lair of Beasts)
 13398 | Lair:3   | Noticed Sonja
 13413 | Lair:3   | Killed Sonja
 13413 | Lair:3   | Reached skill level 14 in Unarmed Combat
 13496 | Lair:3   | You fall through a shaft!
 13537 | Lair:4   | Noticed an eight-headed hydra
 13543 | Lair:4   | Killed an eight-headed hydra
 13543 | Lair:4   | Reached XP level 12. HP: 30/81 MP: 10/19
 13548 | Lair:4   | HP: 11/81 [tyrant leech (21)]
 13552 | Lair:4   | Noticed a four-headed hydra
 13556 | Lair:4   | Killed a four-headed hydra
 13567 | Lair:4   | Noticed a four-headed hydra
 13585 | Lair:4   | Killed a four-headed hydra
 13827 | Lair:4   | Found a staircase to the Swamp.
 13854 | Lair:4   | Noticed Nergalle
 13865 | Lair:4   | Killed Nergalle
 14113 | Lair:3   | Reached skill level 15 in Unarmed Combat
 15366 | Lair:5   | Reached skill level 6 in Fighting
 15488 | Lair:1   | Noticed a six-headed hydra
 15494 | Lair:1   | Killed a six-headed hydra
 15576 | D:8      | Bought a +3 ring of slaying for 675 gold pieces
 15890 | Lair:5   | Found a staircase to the Slime Pits.
 16220 | Lair:6   | Entered Level 6 of the Lair of Beasts
 16398 | Lair:6   | Noticed a catoblepas
 16400 | Lair:6   | Noticed a seven-headed hydra
 16665 | Lair:6   | Killed a seven-headed hydra
 16665 | Lair:6   | Reached skill level 9 in Fighting
 17239 | Lair:6   | Reached XP level 13. HP: 99/103 MP: 20/20
 17403 | Lair:6   | Reached skill level 6 in Dodging
 17503 | Lair:6   | Found a burning altar of Makhleb.
 17867 | Lair:6   | Found a gateway to Hell.
 17914 | Lair:6   | Noticed a dire elephant
 17922 | Lair:6   | Noticed a dire elephant
 17922 | Lair:6   | Killed a dire elephant
 17934 | Lair:6   | HP: 14/103 [dire elephant (10)]
 17935 | Lair:6   | Killed a dire elephant
 18104 | Lair:6   | HP: 20/103 [komodo dragon (23)]
 18105 | Lair:6   | HP: 5/103 [komodo dragon (20)]
 18106 | Lair:6   | Mangled by a komodo dragon

Vault maps used:
D:1:      dpeg_arrival_tiny_h
D:2:      first_bread, cheibriados_altar_1
D:3:      dk_yredelemnul_ordeal, uniq_grinder
D:4:      uniq_blork_the_orc
D:5:      serial_aquarium, aquarium_bridge_long_joined, aquarium_window_2,
          aquarium_window_2, aquarium_view_2b, minivault_4, grunt_ministairs_2,
          minivault_11, hangedman_decor_opposing, st_stairs_12, uniq_edmund,
          uniq_menkaure
D:6:      kennysheep_six_static_rooms
D:7:      serial_shops, shop, basic_altar, trog_ov_bears_minmay
D:8:      serial_shops, shop, shop_fountains, nicolae_shop_window_shopping,
          nicolae_wwwww, uniq_grum
D:9:      serial_park, serial_shops, shop, nicolae_shop_trees, grunt_livestock
D:10:     lair_0_dummy, uniq_erolcha
Temple:   roderic_octagonal_lattice_temple
Lair:1:   st_stairs_10, serial_bayou_shore_b, grunt_megastairs_4,
          lemuel_fruit_fields
Lair:2:   spider_nest_entry_webs, serial_bayou_ford_a, lemuel_fruit_tree
Lair:3:   uniq_sonja
Lair:4:   minmay_swamp_entry_worms, hangedman_lair_generics_rect, uniq_nergalle
Lair:5:   nicolae_slime_entry_slimehenge
Lair:6:   evil_forest, kennysheep_snail_temple

Action                   |  1- 3 |  4- 6 |  7- 9 | 10-12 | 13-15 || total
-------------------------+-------+-------+-------+-------+-------++-------
Melee: Unarmed           |   152 |   150 |   404 |   473 |    94 ||  1273
       Punch             |     4 |     4 |    10 |    36 |    10 ||    64
       Headbutt          |       |       |    52 |    94 |    29 ||   175
Throw: Stone             |       |       |     2 |       |       ||     2
Invok: Elemental Force   |       |       |       |     3 |     1 ||     4
 Abil: Evoke Blink       |       |       |       |     3 |       ||     3
Evoke: Wand              |       |     3 |     6 |    10 |       ||    19
       Rod               |       |       |    12 |    14 |       ||    26
  Use: Scroll            |     3 |       |     6 |    21 |     1 ||    31
       Potion            |       |     3 |     1 |     3 |     2 ||     9
 Stab: Sleeping          |     5 |     2 |     4 |       |       ||    11
       Distracted        |       |     1 |     2 |     2 |       ||     5
       Paralysed         |       |       |     3 |       |       ||     3
  Eat: Chunk             |     3 |     5 |    15 |    19 |     2 ||    44
       Pizza             |       |       |     2 |     1 |     1 ||     4
       Bread ration      |       |       |     1 |       |       ||     1
       Royal jelly       |       |       |       |     1 |       ||     1
       Fruit             |       |       |       |     1 |       ||     1
Armor: Robe              |    21 |    28 |    67 |       |       ||   116
       Skin              |       |     4 |       |       |       ||     4
       Troll leather arm |       |       |     7 |    46 |       ||    53
       Leather armour    |       |       |       |    48 |    17 ||    65
Dodge: Dodged            |    86 |    85 |   231 |   253 |    43 ||   698
       Deflected         |       |       |       |     2 |       ||     2
Block: Other             |       |       |    15 |    76 |    21 ||   112
